 Dungeon Crawl Stone Soup version 0.24.0-125-gc4c63601f3 (webtiles) character file.

Game seed: 8879386180242001570, levelgen mode: deterministic

10399 Davosk the Cleaver (level 11, -6/105 HPs)
             Began as a Minotaur Berserker on Mar 13, 2020.
             Was an Elder of Trog.
             Killed from afar by a fire giant (79 damage)
             ... with a fireball
             ... on level 11 of the Dungeon.
             The game lasted 00:49:58 (12753 turns).

Davosk the Cleaver (Minotaur Berserker)            Turns: 12753, Time: 00:49:59

Health: -6/105     AC: 15    Str: 25    XL:     11   Next: 35%
Magic:  10/10      EV: 11    Int:  4    God:    Trog [****..]
Gold:   803        SH:  0    Dex: 10    Spells: 10/10 levels left

rFire    x . .     SeeInvis .   a - +0 war axe
rCold    + + .     Gourm    .   (no shield)
rNeg     . . .     Faith    .   L - +2 chain mail {rC+}
rPois    .         Spirit   .   (helmet restricted)
rElec    .         Reflect  .   (no cloak)
rCorr    +         Harm     .   M - +0 pair of gloves
MR       .....                  N - +0 pair of boots
Stlth    ..........             (no amulet)
HPRegen  0.27/turn              y - ring of ice
MPRegen  0.12/turn              B - ring of resist corrosion

@: berserk cooldown, drained
A: retaliatory headbutt, horns 2
a: Berserk, Trog's Hand, Brothers in Arms, Renounce Religion


You were on level 11 of the Dungeon.
You worshipped Trog.
Trog was greatly pleased with you.
You were not hungry.

You visited 1 branch of the dungeon, and saw 11 of its levels.
You also visited: Ossuary.

You collected 803 gold pieces.

Inventory:

Hand Weapons
 a - a +0 war axe (weapon)
 b - a +0 hunting sling
 j - the +6 shortbow of Hubris {flame, -Tele +Fly rPois Int+2}
   (You found it on level 4 of the Dungeon)

   It causes projectiles fired from it to burn those they strike, causing extra
   injury to most foes and up to half again as much damage against particularly
   susceptible opponents.
   It affects your intelligence (+2).
   It protects you from poison.
   It lets you fly.
   It prevents most forms of teleportation.
 z - a +3 flail of holy wrath
 C - a +1 hand axe
 I - a +0 war axe
 O - a +2 spear of piercing
Missiles
 c - 5 boomerangs (quivered)
 d - 197 stones
 i - 154 sling bullets
 r - 4 throwing nets
Armour
 m - a +0 chain mail
 q - a +0 animal skin
 x - a +0 scale mail
 D - a +3 leather armour of fire resistance
 H - the +3 leather armour of the Postmodern Princes {Int+6 Slay-6 Stlth+, unknown}
   (You found it on level 10 of the Dungeon)

   It affects your intelligence (+6).
   It affects your accuracy and damage with ranged weapons and melee attacks
   (-6).
   It makes you more stealthy.
 L - a +2 chain mail of cold resistance (worn)
 M - a +0 pair of gloves (worn)
 N - a +0 pair of boots (worn)
Magical Staves
 P - an uncursed staff of conjuration {unknown}
Jewellery
 y - a ring of ice (left hand)
 B - a ring of resist corrosion (right hand)
Wands
 n - a wand of flame (40)
 o - a wand of iceblast (8)
 u - a wand of polymorph (7)
 w - a wand of disintegration (12)
 K - a wand of acid (19)
Scrolls
 g - 4 scrolls of remove curse
 p - a scroll of magic mapping
 E - a scroll of summoning
 J - 2 scrolls of teleportation
Potions
 f - a potion of lignification {unknown}
 h - 4 potions of magic
 k - 2 potions of flight {unknown}
 l - a potion of brilliance {unknown}
 s - a potion of cancellation
 t - 3 potions of berserk rage
 v - 2 potions of resistance
 A - 2 potions of curing
 F - a potion of mutation {unknown}
 G - 2 potions of agility {unknown}
Comestibles
 e - 19 rations
 Q - 3 chunks of flesh


   Skills:
 + Level 12.4(11.0) Fighting
 + Level 12.4(11.0) Axes
 * Level 6.3(5.1) Slings
 + Level 8.0(6.8) Armour
 + Level 7.4(6.2) Dodging


You had 10 spell levels left.
You didn't know any spells.
Your spell library contained the following spells:

 Spells                   Type           Power        Failure   Level  Hunger
 Sting                    Conj/Pois      #...         97%         1    ##.....
 Poisonous Vapours        Pois/Air       #.....       99%         2    ###....
 Mephitic Cloud           Conj/Pois/Air  #.......     100%        3    ####...
 Olgreb's Toxic Radiance  Pois           #.......     100%        4    #####..
 Venom Bolt               Conj/Pois      #.........   100%        5    ######.


Dungeon Overview and Level Annotations

Branches:
Dungeon (11/15)            Temple (0/1) D:6            Lair (0/6) D:8
Ossuary (visited)
    Orc: D:9-12

Altars:
Ashenzari
Cheibriados
Dithmenos
Okawaru
Qazlal
Ru
The Shining One

Shops:
D:7 (   D:9 [   D:11 *(}!(

Annotations:
D:11 exclusion: ice statue


Innate Abilities, Weirdness & Mutations

You reflexively headbutt those who attack you in melee.
You have a pair of horns on your head.


Message History

There is an open door here.
Your two-headed ogre goes berserk!
You feel quite a bit more hungry. Trog will no longer gift you weapons.
The fire giant misses you.
Your two-headed ogre hits the fire giant with a +0 giant club!! x2
The fire giant casts a spell at you.
The fireball explodes!
The fireball engulfs you!! The fire burns you terribly!
The fireball engulfs your two-headed ogre!!
The fireball engulfs the fire giant!
The fire giant resists.
You hit the fire giant but do no damage.
The fire giant is heavily wounded.
You feel yourself speed up.
Your two-headed ogre barely misses the fire giant.
Your two-headed ogre hits the fire giant with a +0 giant club.
The fire giant gestures at you while chanting.
The fireball explodes!
The fireball engulfs you!!!! The fire burns you terribly!
Ouch! That really hurt!
You die...

...# #.........##..#
##.# #.##.########)#
#.# #.##.#....)...# #.#
#.##.#........# #.#
#.##.#........#
#.######.##.#...######
##...........#...#..)[#
..[.......####...#..[|#
.....###### #..@#..#
._...# #..OC..# (....#
######## .....# #....#
######


You could see a fire giant and a friendly two-headed ogre (berserk).

Vanquished Creatures
  A hydra (D:11)
  Harold (D:7)
  A centaur warrior (D:11)
  A wizard (D:11)
  A cyclops (D:11)
  2 manticores (D:11)
  2 hornets
  2 trolls
  Grinder (D:3)
  A wraith (Ossuary)
  A hungry ghost (D:10)
  Menkaure (D:4)
  Edmund (D:6)
  3 porcupines (D:8)
  An acid dragon (D:11)
  Duvessa (D:7)
  3 orc warriors
  3 ice beasts
  3 sky beasts
  An eye of draining (D:9)
  3 black bears
  6 ogres
  5 centaurs
  2 crocodiles
  A big kobold (D:11)
  2 bullfrogs
  4 scorpions
  Dowan (D:7)
  4 wights (D:9)
  2 howler monkeys
  3 crimson imps
  5 orc wizards
  A bullfrog zombie (D:8)
  A jelly (D:11)
  A quasit (D:9)
  9 orc priests
  7 hounds
  4 bullfrog skeletons
  2 centaur skeletons
  Natasha (thrice) (D:4)
  6 iguanas
  5 worker ants
  Terence (D:2)
  A killer bee zombie (D:10)
  2 mummies
  Robin (D:2)
  4 gnolls (D:6)
  A howler monkey skeleton (D:9)
  10 adders
  A shadow imp (D:11)
  3 oozes
  A worm (D:4)
  3 dart slugs
  7 leopard geckos
  40 orcs
  5 bats
  7 giant cockroaches
  16 goblins
  11 hobgoblins
  16 jackals
  3 quokkas
  2 ball pythons
  11 frilled lizards
  3 gnoll skeletons (Ossuary)
  14 kobolds
  6 kobold skeletons (Ossuary)
  A leopard gecko skeleton (D:4)
  15 orc skeletons (Ossuary)
  3 quokka skeletons
  4 rats
300 creatures vanquished.

Vanquished Creatures (collateral kills)
  A yak (D:8)
  A porcupine (D:8)
  A wight (D:9)
  A crimson imp (D:7)
  A gnoll skeleton (Ossuary)
5 creatures vanquished.

Vanquished Creatures (others)
  18 fungi (D:8)
  A plant (D:8)
19 creatures vanquished.

Grand Total: 324 creatures vanquished

Notes
Turn   | Place    | Note
-------+----------+-------------------------------------------
     0 | D:1      | Davosk the Minotaur Berserker began the quest for the Orb.
     0 | D:1      | Reached XP level 1. HP: 19/19 MP: 0/0
    15 | D:1      | Found a glowing golden altar of the Shining One.
   288 | D:1      | Reached XP level 2. HP: 27/27 MP: 1/1
   676 | D:1      | Reached XP level 3. HP: 34/34 MP: 2/2
  1078 | D:2      | Noticed Terence
  1083 | D:2      | Killed Terence
  1083 | D:2      | Reached ** piety under Trog
  1213 | D:2      | Reached XP level 4. HP: 41/41 MP: 3/3
  1213 | D:2      | Noticed Robin
  1219 | D:2      | Reached skill level 5 in Fighting
  1219 | D:2      | Reached skill level 5 in Axes
  1227 | D:2      | Killed Robin
  1629 | D:3      | Noticed an ogre
  1638 | D:3      | Killed an ogre
  1638 | D:3      | Reached XP level 5. HP: 50/50 MP: 4/4
  2295 | D:3      | Noticed Grinder
  2297 | D:3      | Paralysed by Grinder for 2 turns
  2307 | D:3      | Killed Grinder
  2307 | D:3      | Reached XP level 6. HP: 58/58 MP: 5/5
  2470 | D:4      | Found a shattered altar of Ashenzari.
  2479 | D:4      | Reached *** piety under Trog
  2528 | D:4      | Found a shadowy altar of Dithmenos.
  2645 | D:4      | Reached XP level 7. HP: 59/66 MP: 6/6
  2657 | D:4      | Noticed Menkaure
  2668 | D:4      | Killed Menkaure
  3243 | D:4      | Got a faintly glowing shortbow
  3244 | D:4      | Identified the +6 shortbow of Hubris {flame, -Tele +Fly
                  | rPois Int+2} (You found it on level 4 of the Dungeon)
  3259 | D:4      | Noticed Natasha
  3265 | D:4      | Killed Natasha
  3404 | D:4      | Noticed Natasha
  3410 | D:4      | Killed Natasha
  3417 | D:4      | Noticed Natasha
  3421 | D:4      | Killed Natasha
  3590 | D:5      | Entered Level 5 of the Dungeon
  3607 | D:5      | Reached **** piety under Trog
  3607 | D:5      | Reached XP level 8. HP: 73/75 MP: 7/7
  4022 | D:5      | Found a stormy altar of Qazlal.
  4550 | D:6      | Found a staircase to the Ecumenical Temple.
  4631 | D:6      | Noticed Edmund
  4640 | D:6      | Killed Edmund
  4640 | D:6      | Reached skill level 10 in Fighting
  4640 | D:6      | Reached skill level 10 in Axes
  5414 | D:6      | Reached XP level 9. HP: 86/86 MP: 8/8
  5561 | D:7      | Noticed Duvessa
  5561 | D:7      | Noticed Dowan
  5571 | D:7      | Killed Dowan
  5588 | D:7      | Killed Duvessa
  5786 | D:7      | Found Enuall's Weapon Emporium.
  5934 | D:7      | Found a sand-covered staircase.
  5947 | Ossuary  | Entered an ossuary
  6079 | Ossuary  | Reached ***** piety under Trog
  6287 | D:7      | Noticed Harold
  6312 | D:7      | Killed Harold
  6312 | D:7      | Reached skill level 5 in Armour
  7338 | D:8      | Reached skill level 5 in Dodging
  7753 | D:8      | Reached XP level 10. HP: 74/96 MP: 9/9
  7773 | D:8      | Found a staircase to the Lair.
  8153 | D:8      | Found a sacrificial altar of Ru.
  8897 | D:8      | Found a stormy altar of Qazlal.
  8899 | D:8      | Found a snail-covered altar of Cheibriados.
  9156 | D:9      | Found Wiza's Antique Armour Shoppe.
  9164 | D:9      | Reached skill level 1 in Slings
  9841 | D:10     | Entered Level 10 of the Dungeon
 10449 | D:10     | Paralysed by a hornet for 3 turns
 11042 | D:10     | Got a spiked leather armour
 11272 | D:11     | Found an iron altar of Okawaru.
 11405 | D:11     | Found Xyc Kusuyk's Antique Weapon Shop.
 11406 | D:11     | Found Jeshraclo's Gadget Shop.
 11416 | D:11     | Found Caed's Distillery.
 11417 | D:11     | Found Bialouda's Weapon Shop.
 11502 | D:11     | Noticed a cyclops
 11530 | D:11     | Killed a cyclops
 11926 | D:11     | Noticed a six-headed hydra
 11937 | D:11     | HP: 5/145 [13-headed hydra (6)]
 11938 | D:11     | Killed a 14-headed hydra
 11938 | D:11     | Reached skill level 5 in Slings
 11938 | D:11     | Reached XP level 11. HP: 6/104 MP: 10/10
 12557 | D:11     | Found Fig Rooh's Demolitions Depot.
 12698 | D:11     | Noticed a centaur warrior
 12698 | D:11     | Noticed a wizard
 12720 | D:11     | Killed a centaur warrior
 12729 | D:11     | Paralysed by a wizard for 5 turns
 12738 | D:11     | Killed a wizard
 12750 | D:11     | Noticed a fire giant
 12750 | D:11     | Noticed a fire giant
 12753 | D:11     | Killed from afar by a fire giant

Levels and vault maps discovered:
D:1:      psy_arrival_radial01, layout_basic, tso_metal_star
D:2:      layout_rooms, uniq_terence, uniq_robin
D:3:      layout_basic, uniq_grinder
D:4:      layout_cave_pools, nicolae_dithmenos_the_darkroom,
          cheibrodos_ashenzari_chains, uniq_natasha, uniq_menkaure
D:5:      layout_basic, first_ration, basic_altar, kennysheep_boxes
D:6:      layout_basic, minmay_temple_entry_junction, dk_noncrumbling_2,
          uniq_edmund
D:7:      layout_loops_ring, serial_shops, kennysheep_little_box,
          gup_ossuary_entry_pyramid, uniq_harold, uniq_duvessa
D:8:      layout_layer_cave, lemuel_doored_altar,
          nicolae_overflow_hidden_temple, due_lair_maze_entry_diamond
D:9:      minmay_goldmine, layout_gridville, serial_shops, shop
D:10:     layout_basic, grunt_ogre_cave
D:11:     minmay_shrinking_squares, layout_basic, basic_altar, minivault_15,
          minmay_shop_grid_forest, nicolae_blasting_shop, lemuel_nasty_fountain

Skill      XL: |  1  2  3  4  5  6  7  8  9 10 11 |
---------------+----------------------------------+-----
Fighting       | 4 5 6 7 8 10 11 12 | 12.4
Axes           | 4 5 6 7 8 10 11 12 | 12.4
Armour         | 3 5 7 8 |  8.0
Dodging        | 3 5 7 |  7.4
Slings         | 5 6 |  6.3

Action                   |  1- 3 |  4- 6 |  7- 9 | 10-12 || total
-------------------------+-------+-------+-------+-------++-------
Melee: Hand axe          |    54 |    98 |   308 |    46 ||   506
       Headbutt          |    11 |    17 |    68 |    42 ||   138
       War axe           |       |       |       |   165 ||   165
       Spear             |       |       |       |     8 ||     8
 Fire: Hunting sling     |       |    69 |    98 |    69 ||   236
Throw: Boomerang         |    31 |     2 |       |    16 ||    49
Invok: Berserk           |     2 |     3 |     7 |     8 ||    20
       Trog's Hand       |       |       |     3 |     3 ||     6
       Brothers in Arms  |       |       |     2 |     2 ||     4
  Use: Scroll            |       |     4 |     6 |     4 ||    14
       Potion            |       |       |     2 |     2 ||     4
  Eat: Chunk             |     3 |     3 |    17 |    15 ||    38
       Ration            |       |     1 |     2 |     4 ||     7
Armor: Animal skin       |     8 |       |       |       ||     8
       Chain mail        |       |    38 |   131 |   123 ||   292
Dodge: Dodged            |    33 |    26 |   144 |   140 ||   343
